 Dungeon Crawl Stone Soup version 0.17-a0-1642-gd4b747b (webtiles) character file.

20 Murumi the Shield-Bearer (level 3, -1/29 HPs)
             Began as a Formicid Fighter on Aug 8, 2015.
             Slain by an adder (3 damage)
             ... on level 2 of the Dungeon.
             The game lasted 00:03:35 (857 turns).

Murumi the Shield-Bearer (Formicid Fighter)          Turns: 857, Time: 00:03:36

Health: -1/29      AC:  6    Str: 21    XL:     3   Next: 0%
Magic:  3/3        EV:  8    Int:  7    God:
Gold:   33         SH:  9    Dex: 10    Spells: 0 memorised, 2 levels left

rFire  . . .     SeeInvis +     a - +0 long sword
rCold  . . .     Clarity  .     b - +0 scale mail
rNeg   . . .     SustAt   .     c - +0 shield
rPois  .         Gourm    .     (helmet unavailable)
rElec  .         Spirit   .     (no cloak)
rCorr  .         Warding  .     (no gloves)
rMut   .         Stasis   +     (no boots)
MR     .....                    (no amulet)
Stlth  ..........               (no ring)
                                i - ring of teleportation (curse)

@: lethally poisoned (-1 -> -8), not resistant to hostile enchantments,
extremely unstealthy
A: permanent stasis, dig shafts and tunnels, four strong arms, antennae 3
a: Dig, Shaft Self, Evoke Teleportation


You were on level 2 of the Dungeon.
You were not hungry.

You visited 1 branch of the dungeon, and saw 2 of its levels.

You collected 33 gold pieces.

Inventory:

Hand weapons
 a - a +0 long sword (weapon)
Armour
 b - a +0 scale mail (worn)
 c - a +0 shield (worn)
Jewellery
 i - a cursed ring of teleportation (left hand)
Potions
 d - 2 potions of might
 f - a potion of haste
 g - a potion of magic {unknown}
 j - a potion of curing {unknown}
 k - a potion of agility {unknown}
Comestibles
 e - 2 bread rations
 h - a slice of pizza


   Skills:
 - Level 3.2 Fighting
 - Level 2.0 Long Blades
 - Level 3.2 Armour
 + Level 1.6 Dodging
 - Level 4.0 Shields


You had 2 spell levels left.
You didn't know any spells.

Dungeon Overview and Level Annotations

Branches:
Dungeon (2/15)

Altars:


Innate Abilities, Weirdness & Mutations

You are under a permanent stasis effect.
You can dig through walls and to a lower floor.
Your four strong arms can wield two-handed weapons with a shield.
You have a pair of large antennae on your head (SInv).


Message History

You are too injured to fight recklessly!
You are too injured to fight recklessly!
You barely miss the adder.
The adder is moderately wounded.
You feel sick. The adder barely misses you. You block the adder's attack.
You closely miss the adder.
The adder is moderately wounded.
You feel sick. You block the adder's attack. The adder bites you.
* * * LOW HITPOINT WARNING * * *
You are lethally poisoned!
The adder poisons you!
You slash the adder!
The adder is almost dead.
You block the adder's attack. The adder bites you.
* * * LOW HITPOINT WARNING * * *
Drink which item? (? for menu, Esc to quit)
It was a potion of haste.
Your stasis keeps you stable.
* * * LOW HITPOINT WARNING * * *
You feel sick. The adder bites you.
You die...

#.<.......# #.#....##.#
### #.#.......#... {
#......##.#$# .#. ##. {
###.)#......#
#........###.#.
#..#.##.###
#...#....##..S.
###...)...#
#....r...#.#.#.
.........######
{........ .#..###..#
#@##{......# #.#
##.#####S##.#.r..# ...
{ #.....{Shr...#.## .
###..#..##......##.....
##....##.#.#..##..... {
+ #....†.S# .. .(.....
#. ##....##.# ..# .....
#.###..#..##.# .# ....
#............. # #..


You could see 2 adders, a jackal and a rat.

Vanquished Creatures
  A worm (D:1)
  A ball python (D:1)
  6 hobgoblins (D:1)
  3 bats
  A giant gecko (D:1)
  A goblin (D:1)
  A jackal (D:2)
  2 rats (D:1)
16 creatures vanquished.

Notes
Turn   | Place    | Note
--------------------------------------------------------------
     0 | D:1      | Murumi the Formicid Fighter began the quest for the Orb.
     0 | D:1      | Reached XP level 1. HP: 18/18 MP: 1/1
    92 | D:1      | Reached skill level 4 in Shields
   309 | D:1      | Reached XP level 2. HP: 20/24 MP: 2/2
   427 | D:1      | Reached skill level 1 in Dodging
   838 | D:2      | Reached XP level 3. HP: 26/29 MP: 3/3
   857 | D:2      | Slain by an adder

Vault maps used:
D:1:      elethiomel_arrival_infinity_welcomes_careful_drivers
D:2:      hangedman_decor_slide_cut, nemelex_dance_club_becter, uniq_terence

Action                   || total
-------------------------++-------
Melee: Long sword        ||    81
 Abil: Dig               ||     1
  Use: Scroll            ||     4
       Potion            ||     1
